 Dungeon Crawl Stone Soup version bcrawl-1.18.1 (webtiles) character file.

Game seed: 8409529394193312152

1694 Freyura the Cudgeler (level 9, -3/55 HPs)
             Began as a Gargoyle Fighter on Nov 13, 2019.
             Was a High Priest of Zin.
             Slain by a gnoll
             ... wielding a +0 halberd of protection
              (9 damage)
             ... on level 6 of the Dungeon.
             The game lasted 00:14:21 (5723 turns).

Freyura the Cudgeler (Gargoyle Fighter)             Turns: 5723, Time: 00:14:22

Health: -3/55      AC: 16    Str: 20    XL:     9   Next: 2%
Magic:  10/11      EV:  9    Int:  9    God:    Zin [*****.]
Gold:   348        SH: 10    Dex: 12    Spells: 8/8 levels left

rFire    . . .     SeeInvis +   e - +0 flail (crush)
rCold    . . .     Gourm    .   c - +0 shield
rNeg     + . .     Faith    .   b - +0 scale mail
rPois    ∞         Spirit   .   q - +0 helmet
rElec    +         Reflect  .   (no cloak)
rCorr    .         Harm     .   (no gloves)
MR       .....                  j - +0 pair of boots
Stlth    ..........             (no amulet)
HPRegen  0.18/turn              y - ring of see invisible
MPRegen  0.12/turn              (no ring)

@: no status effects
A: negative energy resistance 1, electricity resistance, unbreathing,
petrification resistance, rot immunity, AC +6
a: Recite, Vitalisation, Imprison, Sanctuary, Donate Gold, Renounce Religion


You were on level 6 of the Dungeon.
You worshipped Zin.
Zin was extremely pleased with you.
You were near starving.

You visited 1 branch of the dungeon, and saw 6 of its levels.
You also visited: Ossuary.

You collected 386 gold pieces.
You donated 38 gold pieces to Zin.

Inventory:

Hand Weapons
 a - a +0 flail
 e - a +0 flail of crushing (weapon)
Missiles
 m - 2 throwing nets (quivered) {!f}
Armour
 b - a +0 scale mail (worn)
 c - a +0 shield (worn)
 j - a +0 pair of boots (worn)
 q - a +0 helmet (worn)
Jewellery
 y - a ring of see invisible (left hand)
Scrolls
 i - a scroll of fog {unknown}
 n - 3 scrolls of identify
 p - a scroll of teleportation {unknown}
 r - a scroll of immolation
 s - 3 scrolls of remove curse
 t - a scroll of amnesia {unknown}
 u - a scroll of magic mapping
 v - a scroll of enchant armour {unknown}
 w - a scroll of fear
Potions
 d - a potion of cancellation {unknown}
 g - a potion of mutation {unknown}
 h - 5 potions of heal wounds
 k - 4 potions of curing {unknown}
 l - a potion of invisibility
 o - a potion of ambrosia {unknown}
 x - a potion of haste {unknown}
 A - a potion of degeneration {unknown}
Comestibles
 f - 6 rations {!d}


   Skills:
 + Level 5.6 Fighting
 * Level 6.6 Maces & Flails
 + Level 5.8 Armour
 + Level 3.4 Dodging
 + Level 5.8 Shields
 + Level 2.7 Invocations


You had 8 spell levels left.
You didn't know any spells.
Your spell library contained the following spells:

 Spells                   Type           Power        Failure   Level  Hunger
 Summon Small Mammal      Summ           #...         98%         1    ##.....
 Call Imp                 Summ           #.....       99%         2    ###....
 Call Canine Familiar     Summ           #.......     100%        3    ####...
 Summon Ice Beast         Ice/Summ       #.......     100%        4    #####..
 Summon Lightning Spire   Summ/Air       #.......     100%        5    ######.


Dungeon Overview and Level Annotations

Branches:
Dungeon (6/12)
 Temple: D:4-7

Altars:
Dithmenos
Lugonu
Qazlal
Zin

Shops:
D:5 *

Annotations:
D:3 1 runed translucent door, Quickbrownfox's ghost, amateur VSMo


Innate Abilities, Weirdness & Mutations

You are resistant to torment.
Your stone body is resilient. (AC +6)
You are immune to poison.
You resist negative energy. (rN+)
You are resistant to electric shocks. (rElec)
You can survive without breathing.
You are immune to petrification.
You are immune to rotting.


Message History

The orc wizard closely misses you.
The gnoll shaman calls upon its god to speed up the gnoll.
The gnoll seems to speed up.
The gnoll hits you from afar with a +0 halberd of protection!
Zin protects you from harm!
The orc wizard hits you but does no damage.
You miss the orc wizard.
The orc wizard is heavily wounded.
You block the orc wizard's attack.
The gnoll hits you from afar with a +0 halberd of protection.
* * * LOW HITPOINT WARNING * * *
You thump the orc wizard!
You kill the orc wizard!
You block the gnoll's attack.
You closely miss the gnoll shaman. The gnoll barely misses you.
The gnoll shaman hits you but does no damage.
You hit the gnoll shaman but do no damage.
You block the gnoll shaman's attack.
The gnoll hits you from afar with a +0 halberd of protection!
You die...

.. .####.#>......#.
. #.##......# #.
#.###...#.#
.####.######.#
##.##.#
......?oY....####.#
.
......gg...g......#
.##...###.#g#######
#... #.#g# ...#
..#@# .. #..#.# .
#..g.. .#.....
###..... .....##
.....# ..#.###


You could see a gnoll shaman and 3 gnolls.

Vanquished Creatures
  A hippogriff (D:6)
  A sky beast (D:6)
  An ogre (D:6)
  2 ice beasts
  2 elf zombies (Ossuary)
  A scorpion (D:6)
  A howler monkey (D:4)
  A bullfrog zombie (D:6)
  A hound (D:6)
  A jelly (D:6)
  A centaur skeleton (D:5)
  4 orc priests
  2 human zombies (Ossuary)
  2 iguanas
  Ijyb (D:3)
  3 orc wizards
  6 worker ants
  2 big kobold zombies (Ossuary)
  A hound skeleton (D:5)
  A hound zombie (Ossuary)
  3 mummies (Ossuary)
  Robin (D:3)
  5 adders
  5 gnolls (D:6)
  A shadow imp (D:6)
  An ooze (D:2)
  3 adder zombies (Ossuary)
  4 worms
  2 adder skeletons
  2 dart slugs
  8 leopard geckos
  16 orcs
  4 giant cockroaches
  A gnoll zombie (Ossuary)
  12 goblins
  10 hobgoblins
  9 jackals
  7 kobolds
  3 quokkas
  A bat (D:1)
  7 frilled lizards
  4 goblin zombies (Ossuary)
  4 hobgoblin zombies (Ossuary)
  6 jackal zombies (Ossuary)
  4 kobold zombies (Ossuary)
  2 orc zombies (Ossuary)
  2 quokka zombies (Ossuary)
  7 rats
  4 rat zombies (Ossuary)
173 creatures vanquished.

Vanquished Creatures (others)
  An orc (D:6)
1 creature vanquished.

Grand Total: 174 creatures vanquished

Notes
Turn   | Place    | Note
-------+----------+-------------------------------------------
     0 | D:1      | Freyura the Gargoyle Fighter began the quest for the Orb.
     0 | D:1      | Reached XP level 1. HP: 14/14 MP: 1/1
   124 | D:1      | Reached XP level 2. HP: 19/19 MP: 2/2
   383 | D:1      | Reached XP level 3. HP: 23/23 MP: 3/3
  1180 | D:2      | Reached XP level 4. HP: 28/28 MP: 4/4
  1220 | D:2      | Found a glowing silver altar of Zin.
  1225 | D:2      | Became a worshipper of Zin the Law-Giver
  1371 | D:2      | Found a faded altar of an unknown god.
  1414 | D:3      | Reached skill level 3 in Maces & Flails
  1470 | D:3      | Reached * piety under Zin
  1512 | D:3      | Found a runed translucent door.
  1512 | D:3      | Noticed Quickbrownfox's ghost (amateur VSMo)
  1538 | D:3      | Noticed Ijyb
  1558 | D:3      | Reached skill level 1 in Dodging
  1595 | D:3      | Killed Ijyb
  1608 | D:3      | Found a corrupted altar of Lugonu.
  1650 | D:3      | Noticed Robin
  1687 | D:3      | Reached XP level 5. HP: 30/33 MP: 5/5
  1698 | D:3      | Killed Robin
  1894 | D:3      | Reached XP level 6. HP: 22/38 MP: 6/6
  1900 | D:3      | Reached skill level 4 in Maces & Flails
  2029 | D:3      | Reached ** piety under Zin
  2054 | D:3      | Found a shadowy altar of Dithmenos.
  2841 | D:4      | Reached *** piety under Zin
  3176 | D:4      | Reached XP level 7. HP: 41/44 MP: 7/7
  3520 | D:5      | Entered Level 5 of the Dungeon
  3594 | D:5      | Found a sand-covered staircase.
  3600 | Ossuary  | Entered an ossuary
  4047 | Ossuary  | Reached **** piety under Zin
  4099 | Ossuary  | Reached skill level 5 in Maces & Flails
  4177 | Ossuary  | Reached skill level 5 in Armour
  4177 | Ossuary  | Reached skill level 5 in Shields
  4574 | D:5      | Found Buche's Assorted Antiques.
  4614 | D:5      | Reached XP level 8. HP: 48/48 MP: 8/8
  4666 | D:5      | Reached ***** piety under Zin
  5029 | D:5      | Reached skill level 5 in Fighting
  5181 | D:6      | Found a stormy altar of Qazlal.
  5197 | D:6      | Reached skill level 1 in Invocations
  5435 | D:6      | Reached skill level 6 in Maces & Flails
  5678 | D:6      | Noticed a hippogriff
  5705 | D:6      | Killed a hippogriff
  5708 | D:6      | Reached XP level 9. HP: 20/54 MP: 10/10
  5719 | D:6      | Zin protects you from harm!
  5723 | D:6      | Slain by a gnoll

Skill      XL: |  1  2  3  4  5  6  7  8 |
---------------+-------------------------+-----
Maces & Flails | 3 4 5 6 |  6.6
Dodging        | 1 2 3 |  3.4
Shields        | 4 5 |  5.8
Armour         | 4 5 |  5.8
Fighting       | 4 5 |  5.6
Invocations    | 2 |  2.7

Action                   |  1- 3 |  4- 6 |  7- 9 || total
-------------------------+-------+-------+-------++-------
Melee: Flail             |   150 |   200 |   393 ||   743
       Unarmed           |       |     1 |       ||     1
Invok: Recite            |       |       |     2 ||     2
  Use: Scroll            |       |     7 |       ||     7
       Potion            |       |     2 |     1 ||     3
 Stab: Invisible         |       |       |     1 ||     1
  Eat: Chunk             |     1 |     7 |     4 ||    12
       Ration            |       |       |     1 ||     1
Armor: Scale mail        |    70 |    93 |   199 ||   362
       Skin              |       |     7 |       ||     7
Dodge: Dodged            |    36 |    53 |   171 ||   260
Block: Shield            |    67 |    88 |   236 ||   391
